 Dungeon Crawl Stone Soup version 0.28.0-1-gb440e238dd (webtiles) character file.

Game seed: 6039482228718712972

2502 jlumianski the Firebug (level 9, -4/48 HPs)
             Began as a Gargoyle Fire Elementalist on Feb 19, 2022.
             Was an Initiate of Yredelemnul.
             Killed by divine providence
             ... invoked by an orc priest
              (12 damage)
             ... on level 8 of the Dungeon on Feb 20, 2022.
             The game lasted 00:40:36 (7834 turns).

jlumianski the Firebug (Gargoyle Fire Elementalist) Turns: 7834, Time: 00:40:39

Health: -4/48      AC: 15    Str: 14 (17) XL:     9   Next: 53%
Magic:  14/18      EV: 11    Int: 21      God:    Yredelemnul [......]
Gold:   403        SH:  5    Dex: 10      Spells: 11/20 levels left

rFire   . . .      SeeInvis .   o - +3 dagger (venom)
rCold   + . .      Faith    .   (no shield)
rNeg    + . .      Spirit   .   h - +1 ring mail of the Nice Falcon {Int+6}
rPois   ∞          Reflect  +   (no helmet)
rElec   +          Harm     .   i - +1 cloak
rCorr   +          Rampage  .   (no gloves)
Will    .....                   (no boots)
Stlth   +.........              t - amulet of reflection
HPRegen 0.16/turn               g - ring of resist corrosion
MPRegen 0.16/turn               (no ring)

@: no status effects
A: sickness immunity, AC +6, negative energy resistance 1, electricity
resistance, torment resistance 1, petrification resistance, cold resistance 1,
wild magic 1
a: Renounce Religion, Recall Undead Harvest


You were on level 8 of the Dungeon.
You worshipped Yredelemnul.
Yredelemnul was noncommittal.
You visited 2 branches of the dungeon, and saw 9 of its levels.

You collected 403 gold pieces.

Inventory:

Hand Weapons
 c - a +0 dagger
 e - a +0 short sword
 f - a +0 spear
 n - a +0 hand axe
 o - a +3 dagger of venom (weapon)
 q - a +2 vorpal war axe
 A - a +0 arbalest of freezing
 D - a +3 dire flail
 E - a +1 quarterstaff of pain
Missiles
 d - 217 stones
 l - 77 sling bullets
 z - 3 javelins (quivered)
Armour
 a - a +0 robe
 h - the +1 ring mail of the Nice Falcon (worn) {Int+6}
   (You found it on level 3 of the Dungeon)

   Int:       It affects your intelligence (+6).
 i - a +1 cloak (worn)
 C - +0 acid dragon scales
 G - a +0 helmet
Jewellery
 g - a ring of resist corrosion (left hand)
 t - an amulet of reflection (around neck)
 y - a ring of fire
 B - an amulet of faith
Wands
 s - a wand of acid (6)
 v - a wand of digging (3)
 H - a wand of flame (18)
Scrolls
 j - a scroll of vulnerability
 u - 2 scrolls of amnesia
 x - a scroll of teleportation
Potions
 b - 2 potions of brilliance
 k - a potion of might
 m - a potion of cancellation
 p - a potion of mutation
 r - 2 potions of heal wounds
 F - a potion of curing
 I - a potion of attraction {unknown}


   Skills:
 + Level 1.8 Fighting
 + Level 2.2 Short Blades
 + Level 3.8 Armour
 + Level 2.9 Dodging
 + Level 3.2 Stealth
 + Level 2.0 Shields
 + Level 6.2 Spellcasting
 + Level 2.1 Conjurations
 + Level 1.6 Transmutations
 + Level 6.3 Fire Magic
 + Level 0.4 Air Magic
 * Level 5.2 Poison Magic
 * Level 0.8 Invocations


You had 11 spell levels left.
You knew the following spells:

 Your Spells              Type           Power      Damage    Failure   Level
a - Foxfire               Conj/Fire      100%       2x1d9     5%          1
b - Scorch                Fire           86%        2d9       3%          2
c - Ignite Poison         Fire/Tmut/Pois 32%        N/A       13%         3
d - Mephitic Cloud        Conj/Pois/Air  22%        N/A       26%         3

Your spell library contained the following spells:

 Spells                   Type           Power      Damage    Failure   Level
 Conjure Flame            Conj/Fire      31%        6-21      14%         3
 Inner Flame              Hex/Fire       25%        N/A       22%         3
 Flame Wave               Conj/Fire      31%        2d8       41%         4
 Freezing Cloud           Conj/Ice/Air   6%         6-21      99%         5


Dungeon Overview and Level Annotations

Branches:
Dungeon (8/15)             Temple (1/1) D:5
   Lair: D:8-11

Altars:
Ashenzari
Cheibriados
Dithmenos
Elyvilon
Hepliaklqana
Kikubaaqudgha
Makhleb
Nemelex Xobeh
Okawaru
Ru
Sif Muna
Uskayaw
Vehumet
Wu Jian
Xom
Yredelemnul
Zin
The Shining One

Shops:
D:1 =


Innate Abilities, Weirdness & Mutations

You are immune to sickness and miasma.
Your stone body is resilient. (AC +6)
You are immune to poison.
You resist negative energy. (rN+)
You are resistant to electric shocks. (rElec)
You are resistant to unholy torment.
You are immune to petrification.
Your flesh is cold resistant. (rC+)
Your spells are a little harder to cast, but a little more powerful.


Message History

The orc priest closely misses you.
You barely miss the orc wizard.
The orc wizard is heavily wounded.
The orc wizard casts a spell at you.
You are confused.
You bump into the rock wall.
The orc wizard hits you but does no damage.
A wight comes into view. It is wielding a +0 war axe.
The orc wizard casts a spell at you.
The magic dart hits you but does no damage.
The orc wizard hits you but does no damage.
The orc warrior hits you from afar with a +0 trident.
You're too confused to move!
The orc wizard closely misses you. The orc warrior closely misses you.
You miss the orc wizard.
The orc wizard is heavily wounded.
You bump into the rock wall.
The orc warrior hits you from afar with a +0 trident.
The orc priest mumbles some strange prayers to Beogh against you.
Beogh smites you!
The orc wizard gestures wildly while chanting.
The orc wizard flickers and vanishes!
You closely miss the orc wizard.
The orc wizard is heavily wounded.
The orc warrior misses you.
The orc wizard hits you with a +0 dagger.
A wight comes into view. It is wielding a +0 dagger.
You bump into the rock wall.
You feel less confused.
The orc warrior hits you from afar with a +0 trident!
* * * LOW HITPOINT WARNING * * *
Casting: Scorch (safe; 3% risk of failure)
Confirm with . or Enter, or press ? or * to list all spells.
Flames lash the orc.
You kill the orc!
The orc warrior barely misses you.
The orc priest invokes the aid of Beogh against you.
Beogh smites you!
You die...
Your body rises from the dead as a mindless zombie.

# . ##.##.. ###
##.#..(.. ##.#
#o)...(.. ##..##
##o{z....o #....#
##o{oo.....
#....###@##.......
###....#..#.......
###.................
##.............#.....
#.....<.......##.....
###.#................
####.........##....
##.......## #......##


You could see an orc warrior, a wight, an orc priest, an orc wizard and 2 orcs.

Vanquished Creatures
  Maggie (D:7)
  A steam dragon (D:6)
  Menkaure (D:5)
  3 water moccasins
  An ice beast (D:7)
  2 ogres
  2 centaurs
  A phantom (D:5)
  2 bullfrogs
  4 scorpions
  3 wights (D:7)
  A bullfrog zombie (D:5)
  4 centaur zombies
  A jelly (D:4)
  2 hounds
  A bullfrog skeleton (D:4)
  2 orc wizards
  A howler monkey zombie (D:7)
  3 gnolls
  4 adders
  3 white imps
  A dart slug (D:1)
  10 orcs
  6 endoplasms
  7 giant cockroaches
  6 hobgoblins
  7 jackals
  6 quokkas
  6 ball pythons
  3 bats
  5 frilled lizards
  2 goblins (D:1)
  5 kobolds
  6 rats
113 creatures vanquished.

Vanquished Creatures (collateral kills)
  An ogre (D:6)
  A phantom (D:7)
  A gnoll (D:5)
3 creatures vanquished.

Vanquished Creatures (others)
  A scorpion zombie (D:6)
  82 foxfires
83 creatures vanquished.

Grand Total: 199 creatures vanquished

Notes
Turn   | Place    | Note
-------+----------+-------------------------------------------
     0 | D:1      | jlumianski the Gargoyle Fire Elementalist began the quest
                  | for the Orb.
     0 | D:1      | Reached XP level 1. HP: 10/10 MP: 3/3
   416 | D:1      | Reached XP level 2. HP: 14/15 MP: 3/5
   440 | D:1      | Learned a level 2 spell: Scorch
   740 | D:1      | Found a faded altar of an unknown god.
   778 | D:1      | You fall into a shaft and drop 1 floor!
   894 | D:1      | Reached XP level 3. HP: 18/19 MP: 1/6
   991 | D:1      | Found Oraafesh's One-of-a-Kind Rings.
  1700 | D:3      | Identified the +1 ring mail of the Nice Falcon {Int+6}
  2112 | D:3      | Reached XP level 4. HP: 20/24 MP: 5/7
  2453 | D:2      | Learned a level 3 spell: Ignite Poison
  3220 | D:4      | Reached XP level 5. HP: 28/28 MP: 4/9
  3506 | D:4      | Reached skill level 1 in Short Blades
  3564 | D:5      | Entered Level 5 of the Dungeon
  3856 | D:5      | Noticed a water moccasin
  3886 | D:4      | Killed a water moccasin
  3887 | D:4      | Reached skill level 1 in Armour
  3887 | D:4      | Reached skill level 1 in Poison Magic
  3887 | D:4      | Reached XP level 6. HP: 23/33 MP: 4/10
  4210 | D:5      | Reached XP level 7. HP: 37/37 MP: 4/12
  4285 | D:5      | Reached skill level 1 in Fighting
  4285 | D:5      | Reached skill level 1 in Shields
  4781 | D:5      | Found a staircase to the Ecumenical Temple.
  4790 | D:5      | Reached skill level 1 in Transmutations
  4790 | D:5      | Reached XP level 8. HP: 37/43 MP: 8/14
  4791 | Temple   | Entered the Ecumenical Temple
  4933 | Temple   | Became a worshipper of Yredelemnul the Dark
  5111 | D:5      | Reached skill level 5 in Fire Magic
  5116 | D:5      | Learned a level 3 spell: Mephitic Cloud
  5331 | D:6      | Noticed Menkaure
  5507 | D:5      | Killed Menkaure
  5508 | D:5      | Upgraded the game from 0.28.0 to 0.28.0-1-gb440e238dd
  5794 | D:6      | Reached skill level 5 in Spellcasting
  5905 | D:6      | Reached * piety under Yredelemnul
  6389 | D:6      | Reached XP level 9. HP: 31/48 MP: 12/16
  6504 | D:6      | Gained mutation: Your spells are a little harder to cast,
                  | but a little more powerful. [potion of mutation]
  6504 | D:6      | Gained mutation: Your flesh is cold resistant. (rC+)
                  | [potion of mutation]
  6595 | D:7      | Noticed Maggie
  6606 | D:7      | Killed Maggie
  7148 | D:7      | Reached skill level 5 in Poison Magic
  7266 | D:7      | Reached ** piety under Yredelemnul
  7383 | D:7      | Found a glowing golden altar of the Shining One.
  7384 | D:7      | Found a glowing silver altar of Zin.
  7834 | D:8      | Killed from afar by an orc priest

Illustrated notes

Levels and vault maps discovered:
D:1:      heliophobic_arrival_glass_houses, layout_basic,
          shapermc_ecumenical_altar_notcrosses, nicolae_shop_unique_rings
D:2:      layout_loops_cross
D:3:      layout_rooms
D:4:      layout_basic, mrwooster_statue_mirror
D:5:      layout_basic, temple_green
D:6:      layout_cave_pools, uniq_menkaure
D:7:      layout_cave_pods, minitemple, uniq_maggie
D:8:      layout_cave_pools, amcnicky_altar_gilded
Temple:   eino_temple_rhombus

Skill      XL: |  1  2  3  4  5  6  7  8  9 |
---------------+----------------------------+-----
Dodging        | 2 |  2.9
Short Blades   | 1 2 |  2.2
Armour         | 1 2 3 |  3.8
Spellcasting   | 3 4 5 6 |  6.2
Fire Magic     | 4 5 6 |  6.3
Poison Magic   | 1 2 3 4 5 |  5.2
Stealth        | 3 |  3.2
Fighting       | 1 |  1.8
Shields        | 1 2 |  2.0
Transmutations | 1 |  1.6
Conjurations   | 2 |  2.1
Air Magic      | |  0.4
Invocations    | |  0.8

Action                   |  1- 3 |  4- 6 |  7- 9 || total
-------------------------+-------+-------+-------++-------
Melee: Dagger            |    86 |    56 |    93 ||   235
       Unarmed           |     3 |       |       ||     3
       Hand axe          |     1 |       |       ||     1
       Punch             |       |     1 |       ||     1
Throw: Javelin           |       |       |     2 ||     2
 Cast: Foxfire           |    19 |     8 |    19 ||    46
       Scorch            |    11 |    13 |    45 ||    69
       Ignite Poison     |       |     5 |    16 ||    21
       Mephitic Cloud    |       |       |     2 ||     2
Invok: Recall Undead Har |       |       |     2 ||     2
Evoke: Wand              |       |       |     1 ||     1
  Use: Scroll            |     2 |     2 |     4 ||     8
       Potion            |       |     1 |     5 ||     6
 Stab: Sleeping          |       |     2 |       ||     2
Armor: Robe              |    28 |       |       ||    28
       Ring mail         |       |    33 |    93 ||   126
Dodge: Dodged            |    64 |    32 |    78 ||   174
Block: Other             |       |    11 |    41 ||    52
       Reflection        |       |       |     1 ||     1
